 Dungeon Crawl Stone Soup version 0.21-a0-504-g2eda33064f (webtiles) character file.

8039 Kaname the Destroyer (level 11, -6/79 HPs)
             Began as a Demonspawn Venom Mage on Nov 25, 2017.
             Was an Elder of Vehumet.
             Mangled by a six-headed hydra (12 damage)
             ... on level 10 of the Dungeon.
             The game lasted 00:54:23 (12959 turns).

Kaname the Destroyer (Demonspawn Venom Mage)       Turns: 12959, Time: 00:54:23

Health: -6/79      AC:  4    Str: 12 (14) XL:     11   Next: 4%
Magic:  9/15       EV: 12    Int: 20      God:    Vehumet [****..]
Gold:   459        SH:  5    Dex: 17      Spells: 3/18 levels left

rFire    . . .     SeeInvis .   g - +7 whip "Nygocona" {drain, rN+ Dex+4 Stlth-}
rCold    + . .     Gourm    .   j - +0 buckler
rNeg     + . .     Faith    .   x - +1 robe of the Lonely Seas {rElec}
rPois    .         Spirit   .   o - +0 helmet
rElec    +         Reflect  .   (no cloak)
rCorr    .         Harm     .   (no gloves)
MR       .....                  (no boots)
Stlth    ++........             (no amulet)
HPRegen  0.63/turn              v - ring of protection from cold
MPRegen  0.14/turn              (no ring)

@: mighty
A: talons 2, blurry vision 2, demonic guardian 1, deterioration 2, low mp 1,
nightstalker 1, regeneration 1
a: Renounce Religion


You were on level 10 of the Dungeon.
You worshipped Vehumet.
Vehumet was greatly pleased with you.
You were not hungry.

You visited 1 branch of the dungeon, and saw 10 of its levels.
You also visited: Sewer.

You collected 459 gold pieces.

Inventory:

Hand Weapons
 g - the +7 whip "Nygocona" (weapon) {drain, rN+ Dex+4 Stlth-}
   (You found it on level 8 of the Dungeon)

   A truly terrible weapon, it drains the life of those it strikes.
   It affects your dexterity (+4).
   It protects you from negative energy.
   It makes you less stealthy.
 h - a +2 dagger of chaos
 t - a +3 great sword of freezing
Missiles
 E - 5 throwing nets (quivered)
Armour
 j - a +0 buckler (worn)
 o - a +0 helmet (worn)
 u - a cursed +0 scale mail
 x - the +1 robe of the Lonely Seas (worn) {rElec}
   (You found it on level 5 of the Dungeon)

   It insulates you from electricity.
Jewellery
 v - a ring of protection from cold (left hand)
Wands
 J - a wand of enslavement (13)
Scrolls
 d - 4 scrolls of teleportation
 f - a scroll of enchant weapon
 i - a scroll of fog
 n - a scroll of fear
 q - 3 scrolls of remove curse
 y - a scroll of immolation
 z - 3 scrolls of enchant armour
 C - a scroll of magic mapping {unknown}
 G - a scroll of holy word {unknown}
 H - 4 scrolls of blinking {unknown}
Potions
 e - 4 potions of magic
 k - 3 potions of brilliance
 m - 4 potions of heal wounds
 p - 5 potions of curing
 w - a potion of lignification
 A - a potion of flight
 B - a potion of agility {unknown}
 D - a potion of might
 I - a potion of cancellation {unknown}
Books
 b - a Young Poisoner's Handbook

   Spells                             Type                      Level
   a - Sting                          Conjuration/Poison           1
   b - Poisonous Vapours              Poison/Air                   2
   c - Mephitic Cloud                 Conjuration/Poison/Air       3
   d - Olgreb's Toxic Radiance        Poison                       4
   e - Venom Bolt                     Conjuration/Poison           5
 r - a book of Necromancy

   Spells                             Type                      Level
   a - Pain                           Necromancy                   1
   b - Animate Skeleton               Necromancy                   1
   c - Vampiric Draining              Necromancy                   3
   d - Regeneration                   Charms/Necromancy            3
   e - Animate Dead                   Necromancy                   4
   f - Control Undead                 Necromancy                   4
 F - a book of Party Tricks

   Spells                             Type                      Level
   a - Summon Butterflies             Summoning                    1
   b - Apportation                    Translocation                1
   c - Lesser Beckoning               Translocation                3
   d - Tukima's Dance                 Hexes                        3
   e - Alistair's Intoxication        Transmutation/Poison         5
   f - Invisibility                   Hexes                        6
Comestibles
 a - 6 meat rations
 c - 6 bread rations
 l - 3 royal jellies
 s - 9 chunks of flesh


   Skills:
 - Level 5.0 Fighting
 - Level 1.7 Dodging
 - Level 1.7 Stealth
 - Level 4.0 Shields
 + Level 4.1 Spellcasting
 * Level 10.6 Conjurations
 - Level 8.0 Necromancy
 - Level 2.1 Air Magic
 - Level 8.0 Poison Magic


You had 3 spell levels left.
You knew the following spells:

 Your Spells              Type           Power        Failure   Level  Hunger
a - Vampiric Draining     Necr           #####.....   1%          3    ###....
b - Venom Bolt            Conj/Pois      #####.....   2%          5    ######.
c - Mephitic Cloud        Conj/Pois/Air  ####....     1%          3    ###....
d - Olgreb's Toxic Radia  Pois           #####...     1%          4    ####...


Dungeon Overview and Level Annotations

Branches:
Dungeon (10/15)            Temple (0/1) D:7            Lair (0/6) D:8
    Orc: D:9-12

Altars:
Ashenzari
Cheibriados
Dithmenos
Fedhas
Gozag
Hepliaklqana
Kikubaaqudgha
Okawaru
Ru
Trog
Vehumet
Xom
The Shining One

Annotations:
D:7 Voland's ghost, novice GrWz


Innate Abilities, Weirdness & Mutations

You have razor-sharp toenails.
A weak demonic guardian rushes to your aid.
You are slightly more attuned to the shadows.
Scrolls take you longer to read.
Your body often deteriorates upon taking damage.
Your magical capacity is low. (-10% MP)
Your natural rate of healing is unusually fast.


Message History

The six-headed hydra bites you!
* * * LOW HITPOINT WARNING * * *
The six-headed hydra bites you!
* * * LOW HITPOINT WARNING * * *
Your body deteriorates!
You feel weakened. The six-headed hydra bites you.
* * * LOW HITPOINT WARNING * * *
The six-headed hydra bites you.
* * * LOW HITPOINT WARNING * * *
The six-headed hydra barely misses you.
Casting: Vampiric Draining
Confirm with . or Enter, or press ? or * to list all spells.
Aiming: Vampiric Draining
Press: ? - help, Shift-Dir - straight line, f/p - six-headed hydra
Aim: a six-headed hydra (almost dead)
The six-headed hydra is almost dead.
You feel life coursing into your body.
You block the six-headed hydra's attack.
The six-headed hydra bites you!
You die...

#....... #####.....##
#####.........# #
#.............##
##..............#
##...............# #
#...o..†(........# ..##
####................# #.
#...####...@D...............
.#
#......##.........(.......
.#
###..#####.......)........
.# #..## #................
.# #..# ##.......((..÷... #
##.## #.......<...#.. # #..#
##.........###. # ##.##
##........###. #..#
##...(....###


You could see a six-headed hydra and an orc.

Vanquished Creatures
  Harold (D:10)
  2 two-headed ogres
  Psyche (D:8)
  Prince Ribbit (D:7)
  A hippogriff (D:10)
  7 yaks
  5 orc warriors
  3 sky beasts
  A hornet zombie (D:9)
  3 ice beasts
  A black bear (D:10)
  2 phantoms
  5 ogres
  2 centaurs (D:8)
  2 big kobolds (D:10)
  4 bullfrogs
  A wyvern skeleton (D:6)
  2 scorpions
  11 wights
  4 howler monkeys
  A crimson imp (D:6)
  3 jellies
  5 orc priests
  A centaur skeleton (D:6)
  4 hounds
  11 orc wizards
  2 iguanas
  2 bullfrog skeletons
  7 worker ants
  5 gnolls
  11 adders
  2 river rats (Sewer)
  2 shadow imps
  An ooze (D:6)
  An adder zombie (D:5)
  An adder skeleton (D:5)
  5 worms
  3 dart slugs
  8 leopard geckos
  47 orcs
  8 ball pythons
  7 bats
  5 giant cockroaches
  6 hobgoblins
  5 jackals
  29 kobolds
  2 quokkas
  11 frilled lizards
  6 goblins
  A jackal skeleton (D:4)
  A jackal zombie (D:6)
  14 rats
276 creatures vanquished.

Vanquished Creatures (collateral kills)
  A wraith (D:9)
  A sky beast (D:6)
  A big kobold (D:6)
  A bullfrog (D:6)
  A wight (D:7)
  A centaur zombie (D:10)
  An orc priest (D:3)
  A howler monkey skeleton (D:3)
  3 gnolls (D:3)
  An adder (D:4)
  3 orcs
  A giant cockroach (D:5)
  A frilled lizard (D:5)
17 creatures vanquished.

Vanquished Creatures (others)
  4 toadstools (D:1)
4 creatures vanquished.

Grand Total: 297 creatures vanquished

Notes
Turn   | Place    | Note
-------+----------+-------------------------------------------
     0 | D:1      | Kaname the Demonspawn Venom Mage began the quest for the Orb.
     0 | D:1      | Reached XP level 1. HP: 13/13 MP: 3/3
   251 | D:1      | Gained mutation: You have sharp toenails. [demonic ancestry]
   251 | D:1      | Reached XP level 2. HP: 16/19 MP: 1/5
   255 | D:1      | Learned a level 2 spell: Poisonous Vapours
   941 | D:2      | Reached XP level 3. HP: 20/24 MP: 6/6
   946 | D:2      | Learned a level 3 spell: Mephitic Cloud
  1389 | D:2      | Reached skill level 2 in Conjurations
  1514 | D:2      | Found a shadowy altar of Dithmenos.
  1706 | D:2      | Reached XP level 4. HP: 21/30 MP: 4/7
  1925 | D:3      | Reached skill level 1 in Air Magic
  2102 | D:3      | Found a glowing drain.
  2120 | Sewer    | Entered a sewer
  2497 | Sewer    | Reached skill level 5 in Poison Magic
  2843 | Sewer    | Gained mutation: A weak demonic guardian rushes to your aid. [demonic ancestry]
  2843 | Sewer    | Reached XP level 5. HP: 35/35 MP: 5/8
  3337 | D:3      | Found a snail-covered altar of Cheibriados.
  3389 | D:3      | Found a sacrificial altar of Ru.
  3391 | D:3      | Found a blossoming altar of Fedhas.
  3400 | D:3      | Found a shattered altar of Ashenzari.
  3400 | D:3      | Found an ancient bone altar of Kikubaaqudgha.
  3440 | D:3      | Learned a level 3 spell: Vampiric Draining
  4205 | D:4      | Reached XP level 6. HP: 11/41 MP: 3/9
  4208 | D:4      | Reached skill level 1 in Necromancy
  4429 | D:4      | Found a radiant altar of Vehumet.
  4462 | D:4      | Became a worshipper of Vehumet
  5123 | D:5      | Entered Level 5 of the Dungeon
  5137 | D:5      | Gained mutation: You are slightly more attuned to the shadows. [demonic ancestry]
  5137 | D:5      | Reached XP level 7. HP: 42/46 MP: 1/11
  5202 | D:5      | Learned a level 4 spell: Olgreb's Toxic Radiance
  5371 | D:5      | Reached * piety under Vehumet
  5371 | D:5      | Offered knowledge of Flame Tongue by Vehumet.
  5475 | D:5      | Got a warped robe
  5486 | D:5      | Identified the +1 robe of the Lonely Seas {rElec} (You found it on level 5 of the Dungeon)
  5701 | D:5      | Found a blossoming altar of Fedhas.
  5811 | D:6      | HP: 2/46 [orc priest/divine providence (12)]
  6117 | D:6      | Reached skill level 5 in Necromancy
  6125 | D:6      | Reached XP level 8. HP: 47/52 MP: 6/12
  7312 | D:6      | Reached ** piety under Vehumet
  7411 | D:6      | Offered knowledge of Freeze by Vehumet.
  8228 | D:7      | Found a shimmering altar of Xom.
  8322 | D:7      | Reached XP level 9. HP: 31/57 MP: 15/15
  8530 | D:7      | Noticed Voland's ghost (novice GrWz)
  8564 | D:7      | Reached skill level 3 in Conjurations
  8675 | D:7      | Found a staircase to the Ecumenical Temple.
  8709 | D:7      | Found a hazy altar of Hepliaklqana.
  8779 | D:7      | Noticed Prince Ribbit
  8792 | D:7      | Killed Prince Ribbit
  8792 | D:7      | Reached skill level 1 in Fighting
  8792 | D:7      | Reached skill level 4 in Conjurations
  9018 | D:7      | Offered knowledge of Throw Flame by Vehumet.
  9028 | D:7      | Reached skill level 5 in Conjurations
  9607 | D:7      | Found an iron altar of Okawaru.
  9871 | D:8      | Found a glowing golden altar of the Shining One.
  9872 | D:8      | Noticed Psyche
  9881 | D:8      | Killed Psyche
  9955 | D:8      | Got a scorched whip
  9956 | D:8      | Identified the +7 whip "Nygocona" {drain, rN+ Dex+4 Stlth-} (You found it on level 8 of the Dungeon)
 10003 | D:8      | Reached skill level 6 in Conjurations
 10004 | D:8      | Noticed a two-headed ogre
 10296 | D:8      | Killed a two-headed ogre
 10296 | D:8      | Reached *** piety under Vehumet
 10296 | D:8      | Reached skill level 7 in Conjurations
 10296 | D:8      | Reached XP level 10. HP: 24/72 MP: 7/16
 10416 | D:8      | Found a staircase to the Lair.
 10745 | D:9      | Found an opulent altar of Gozag.
 10905 | D:9      | Gained mutation: Scrolls take you a little longer to read. [mutagenic meat]
 10906 | D:9      | Gained mutation: Your natural rate of healing is unusually fast. [mutagenic meat]
 10907 | D:9      | Gained mutation: Your magical capacity is low. (-10% MP) [mutagenic meat]
 11001 | D:9      | Reached skill level 8 in Conjurations
 11359 | D:9      | Found a bloodstained altar of Trog.
 11494 | D:9      | Reached skill level 5 in Fighting
 11502 | D:9      | Offered knowledge of Inner Flame by Vehumet.
 11517 | D:9      | Reached skill level 1 in Shields
 11582 | D:9      | Noticed a two-headed ogre
 11587 | D:9      | Killed a two-headed ogre
 11587 | D:9      | Reached skill level 9 in Conjurations
 11779 | D:9      | Learned a level 5 spell: Venom Bolt
 12046 | D:10     | Entered Level 10 of the Dungeon
 12264 | D:10     | Gained mutation: You occasionally shout uncontrollably at your foes. [mutagenic meat]
 12265 | D:10     | Lost mutation: You occasionally shout uncontrollably at your foes. [mutagenic meat]
 12266 | D:10     | Gained mutation: Scrolls take you longer to read. [mutagenic meat]
 12267 | D:10     | Gained mutation: Your body sometimes deteriorates upon taking damage. [mutagenic meat]
 12268 | D:10     | Gained mutation: Your body often deteriorates upon taking damage. [mutagenic meat]
 12380 | D:10     | Noticed a six-headed hydra
 12577 | D:9      | Reached **** piety under Vehumet
 12580 | D:9      | Reached skill level 10 in Conjurations
 12653 | D:9      | Offered knowledge of Bolt of Magma by Vehumet.
 12846 | D:10     | Noticed Harold
 12860 | D:10     | Killed Harold
 12860 | D:10     | Gained mutation: You have razor-sharp toenails. [demonic ancestry]
 12860 | D:10     | Reached XP level 11. HP: 35/79 MP: 8/15
 12958 | D:10     | HP: 2/79 [six-headed hydra (4)]
 12959 | D:10     | Mangled by a six-headed hydra

Vault maps used:
D:1:      ldierk_walled_garden_2
D:2:      marbit_many_paths
D:3:      cheibriados_altar_1, grunt_temple_overflow_open,
          cheibrodos_sewer_entry_sluice
D:4:      vehumet_altar_wand_db, minmay_door_square
D:5:      first_bread, fedhas_altar_fruit_tree
D:7:      kennysheep_little_box, lemuel_crystal_altar, kennysheep_mini_moat,
          minmay_temple_entry_statues, uniq_prince_ribbit1
D:8:      old_standard_altar, lair_entry_dummy, kennysheep_generic_room_8,
          uniq_psyche
D:9:      overflow_temple_1_default,
          nicolae_gozag_cash_rules_everything_around_me, grunt_ogre_cave
D:10:     uniq_harold
Sewer:    sewer_co_cracked_pipes

Skill      XL: |  1  2  3  4  5  6  7  8  9 10 |
---------------+-------------------------------+-----
Poison Magic   | 4 5 6 7 8 |  8.0
Conjurations   | 2 7 10 | 10.6
Air Magic      | 1 2 |  2.1
Necromancy     | 3 5 7 8 |  8.0
Spellcasting   | 3 4 |  4.1
Fighting       | 4 5 |  5.0
Shields        | 4 |  4.0
Dodging        | |  1.7
Stealth        | |  1.7

Action                   |  1- 3 |  4- 6 |  7- 9 | 10-12 || total
-------------------------+-------+-------+-------+-------++-------
Melee: Dagger            |     9 |    30 |   221 |    24 ||   284
       Unarmed           |     1 |       |       |       ||     1
       Whip              |    63 |   103 |    12 |   176 ||   354
       Kick              |    11 |    26 |    56 |    60 ||   153
       Mace              |       |    42 |       |       ||    42
       Great sword       |       |       |     3 |       ||     3
 Cast: Sting             |    25 |    28 |       |       ||    53
       Poisonous Vapours |     3 |    26 |    34 |    21 ||    84
       Mephitic Cloud    |       |     3 |     3 |       ||     6
       Olgreb's Toxic Ra |       |       |    23 |    19 ||    42
       Venom Bolt        |       |       |       |     6 ||     6
       Vampiric Draining |       |       |       |     2 ||     2
Evoke: Wand              |       |     4 |    37 |       ||    41
  Use: Scroll            |       |     9 |     8 |     2 ||    19
       Potion            |       |     3 |     1 |     2 ||     6
 Stab: Sleeping          |     6 |     5 |     4 |     1 ||    16
       Distracted        |       |       |     2 |     1 ||     3
       Confused          |       |       |       |     1 ||     1
  Eat: Chunk             |     3 |    14 |     5 |    18 ||    40
       Fruit             |       |       |     4 |       ||     4
       Bread ration      |       |       |     3 |     1 ||     4
Armor: Robe              |    16 |    26 |    28 |    31 ||   101
       Leather armour    |       |     7 |     2 |       ||     9
Dodge: Dodged            |    51 |    87 |   106 |   100 ||   344
Block: Buckler           |     3 |    21 |    24 |    39 ||    87

Table legend:
 A = Spawn XP
 B = Non-spawn XP
 C = Spawn XP percentage of total XP
 D = Spawn monster count
 E = Non-spawn monster count
 F = Spawn count percentage of total count
 G = Total turns spent on level
                    A         B        C        D         E        F      G
               +---------+---------+-------+---------+---------+-------+---------
         Total |       0 |   11485 |   0.0 |       0 |     293 |   0.0 | 12959
               +---------+---------+-------+---------+---------+-------+---------
           D:1 |       0 |      38 |   0.0 |       0 |      22 |   0.0 |   938
           D:2 |       0 |      60 |   0.0 |       0 |      17 |   0.0 |   865
           D:3 |       0 |     188 |   0.0 |       0 |      37 |   0.0 |  1590
           D:4 |       0 |     346 |   0.0 |       0 |      22 |   0.0 |   962
           D:5 |       0 |     474 |   0.0 |       0 |      15 |   0.0 |   942
           D:6 |       0 |    1550 |   0.0 |       0 |      43 |   0.0 |  2093
           D:7 |       0 |    1232 |   0.0 |       0 |      33 |   0.0 |  1622
           D:8 |       0 |    1757 |   0.0 |       0 |      16 |   0.0 |  1133
           D:9 |       0 |    3171 |   0.0 |       0 |      31 |   0.0 |  1419
          D:10 |       0 |    2612 |   0.0 |       0 |      39 |   0.0 |   620
         Sewer |       0 |      57 |   0.0 |       0 |      18 |   0.0 |   775
               +---------+---------+-------+---------+---------+-------+---------
